 Dungeon Crawl Stone Soup version 0.30-a0-1008-g30c9307041 (webtiles) character file.

Game seed: 14435807120481237494

1909 freelancePsychic the Trooper (level 8, -1/73 HPs)
             Began as a Minotaur Artificer on Apr 5, 2023.
             Was a Believer of Trog.
             Collided with a rock wall (9 damage)
             ... caused by Erica
             ... on level 8 of the Dungeon.
             The game lasted 00:13:32 (5341 turns).

freelancePsychic the Trooper (Minotaur Artificer)   Turns: 5341, Time: 00:13:33

Health: -1/73      AC:  6    Str: 18    XL:     8   Next: 94%
Magic:  7/7        EV: 12    Int:  8    God:    Trog [**....]
Gold:   236        SH:  0    Dex: 12    Spells: 7/7 levels left

rFire   . . .      SeeInvis +    f - +0 short sword (venom)
rCold   . . .      Faith    .    (no shield)
rNeg    . . .      Spirit   .    n - +0 ring mail
rPois   .          Reflect  .    (helmet restricted)
rElec   .          Rampage  .    g - +0 cloak
rCorr   .                        (no gloves)
Will    ++...                    (no boots)
Stlth   ++                       (no amulet)
HPRegen 1.32/turn                o - ring of see invisible
MPRegen 0.10/turn                (no ring)

@: strong-willed, regenerating
A: horns 2, retaliatory headbutt
a: Renounce Religion, Berserk, Trog's Hand


You were on level 8 of the Dungeon.
You worshipped Trog.
Trog was pleased with you.
You visited 1 branch of the dungeon, and saw 6 of its levels.
You also visited: Sewer and Ossuary.

You collected 236 gold pieces.

Inventory:

Hand Weapons
 a - a +0 club
 f - a +0 short sword of venom (weapon)
 B - a +0 great sword
 G - the +7 hand axe of Qazlal's Whim {heavy, Str+4}
   (You found it on level 8 of the Dungeon)

   Str:       It affects your strength (+4).
Missiles
 D - 21 poisoned darts
Armour
 b - a +0 leather armour
 g - a +0 cloak (worn)
 n - a +0 ring mail (worn)
Jewellery
 j - a ring of ice
 o - a ring of see invisible (left hand)
 r - the ring of Wufazoh {Will- AC+4 Int+4}
   (You found it on level 2 of the Dungeon)

   [ring of protection]

   AC:        It affects your AC (+4).
   Int:       It affects your intelligence (+4).
   Will:      It decreases your willpower.
Wands
 c - a wand of flame (3) (quivered)
 d - a wand of charming (18)
 e - a wand of iceblast (9)
Scrolls
 m - a scroll of amnesia
 p - 4 scrolls of noise
 q - a scroll of vulnerability
 t - 3 scrolls of teleportation {@r4}
 u - 3 scrolls of immolation
 v - a scroll of butterflies
 y - a scroll of blinking
 C - a scroll of fog
 E - a scroll of silence
 F - a scroll of identify {@r1}
Potions
 h - 2 potions of mutation
 i - 2 potions of curing {@q1}
 k - 2 potions of invisibility {unknown}
 l - a potion of brilliance
 s - 6 potions of haste {unknown}
 w - a potion of heal wounds {unknown}
 x - 3 potions of lignification {unknown}
 z - a potion of attraction {unknown}
 A - a potion of resistance {unknown}


   Skills:
 + Level 7.4 Fighting
 - Level 5.0 Short Blades
 + Level 1.0(3.5) Long Blades
 - Level 2.4 Armour
 + Level 5.0 Dodging
 - Level 4.0 Stealth
 + Level 5.8 Evocations


You had 7 spell levels left.
You didn't know any spells.
Your spell library contained the following spells:

 Spells                   Type           Power      Damage    Failure   Level
 Freeze                   Ice            0%         1d3       58%         1
 Magic Dart               Conj           0%         1d3       58%         1
 Call Imp                 Summ           0%         N/A       75%         2
 Frozen Ramparts          Ice            0%         1d1       92%         3
 Hailstorm                Conj/Ice       0%         3d3       92%         3
 Mephitic Cloud           Conj/Pois/Air  0%         N/A       92%         3


Dungeon Overview and Level Annotations

Branches:
Dungeon (8/15)             Temple (0/1) D:4           Sewer (visited)
Ossuary (visited)
   Lair: D:8-11

Altars:
Dithmenos
Elyvilon
Fedhas
Gozag
Kikubaaqudgha
Sif Muna
Trog
Vehumet

Shops:
D:1 !   D:5 *

Annotations:
D:8 1 exclusion, Erica


Innate Abilities, Weirdness & Mutations

You have a pair of horns on your head.
You reflexively headbutt those who attack you in melee.


Message History

Your base Long Blades skill increases to level 1!
Your Dodging skill increases to level 5!
Aiming: Iceblast
Press: ? - help, Shift-Dir - straight line, f - Erica
Aim: Erica, wielding a +0 scimitar of flaming and wearing a +0 robe The mass of ice explodes!
The iceblast engulfs Erica!
Erica is lightly wounded.
You hear a shout!
You hear a croak.
Aiming: Iceblast
Press: ? - help, Shift-Dir - straight line, f/p - Erica
Aim: Erica, wielding a +0 scimitar of flaming and wearing a +0 robe (lightly wounded)
The mass of ice explodes!
The iceblast engulfs Erica!
Erica is moderately wounded.
You hear a shout!
Aiming: Iceblast
Press: ? - help, Shift-Dir - straight line, f/p - Erica
Aim: Erica, wielding a +0 scimitar of flaming and wearing a +0 robe (moderately wounded)
Okay, then.
Erica mumbles some strange words.
Erica flickers and vanishes for a moment.
Aiming: Iceblast
Press: ? - help, Shift-Dir - straight line, f/p - Erica
Aim: Erica, wielding a +0 scimitar of flaming and wearing a +0 robe (moderately wounded, slightly transparent)
The mass of ice explodes!
The iceblast engulfs Erica!!
Erica is severely wounded.
You hear a shout!
Aiming: Iceblast
Press: ? - help, Shift-Dir - straight line, p - Erica The mass of ice explodes!
The iceblast engulfs Erica!
Erica is almost dead.
Erica hits you with a +0 scimitar of flaming!
Erica burns you.
You hit Erica but do no damage.
Erica is poisoned.
Erica is almost dead.
Erica points at you and mumbles some strange words.
The lance of force hits you!
* * * LOW HITPOINT WARNING * * *
You are knocked back by the lance of force.
You slam into the rock wall!
You die...

.. ... ..# #####.#
##@..#.# ####......#
# #.........# .###
..#.....@.###.... .
#........†......##.#
#..###.###..$##....#
.. ..#..#..........
#? #.. ..#..........
..# #..#..#####


You could see Erica (invisible, very poisoned).

Vanquished Creatures
  2 steam dragons (D:8)
  Eustachio (D:5)
  An orc warrior (D:4)
  A black bear (D:4)
  An ogre (D:5)
  3 phantoms (D:5)
  A kobold brigand (D:5)
  2 bullfrogs (Sewer)
  4 scorpions
  2 hounds
  A jelly (D:3)
  6 iguanas
  A sleepcap (D:4)
  4 mummies (Ossuary)
  4 gnolls
  6 adders
  A shadow imp (D:4)
  A white imp (D:4)
  An ufetubus (D:4)
  4 worms
  3 dart slugs
  2 orcs (D:5)
  15 ball pythons
  8 bats
  15 endoplasms
  12 giant cockroaches
  2 gnoll zombies (Ossuary)
  10 goblins
  2 hobgoblins
  2 jackals (D:4)
  8 quokkas
  8 frilled lizards
  3 goblin zombies (Ossuary)
  A hobgoblin zombie (Ossuary)
  9 kobolds
  2 orc zombies (Ossuary)
  8 rats
157 creatures vanquished.

Vanquished Creatures (others)
  3 demonic plants (D:4)
3 creatures vanquished.

Grand Total: 160 creatures vanquished

Notes
Turn   | Place    | Note
-------+----------+-------------------------------------------
     0 | D:1      | freelancePsychic the Minotaur Artificer began the quest for
                  | the Orb.
     0 | D:1      | Reached XP level 1. HP: 16/16 MP: 0/0
    41 | D:1      | Reached skill level 1 in Stealth
    89 | D:1      | Found Qilasith's Distillery.
   161 | D:1      | Reached skill level 1 in Short Blades
   163 | D:1      | Reached XP level 2. HP: 19/24 MP: 1/1
   244 | D:1      | Reached skill level 2 in Fighting
   298 | D:1      | Reached XP level 3. HP: 29/29 MP: 2/2
  1202 | D:2      | Reached XP level 4. HP: 37/37 MP: 3/3
  1356 | D:2      | Identified the ring of Wufazoh {Will- AC+4 Int+4}
  1747 | D:3      | Reached skill level 3 in Fighting
  1747 | D:3      | Reached XP level 5. HP: 41/45 MP: 4/4
  2257 | D:3      | Reached XP level 6. HP: 47/51 MP: 5/5
  2411 | D:3      | Found an ancient bone altar of Kikubaaqudgha.
  2411 | D:3      | Found a shimmering blue altar of Sif Muna.
  2418 | D:3      | Found a shadowy altar of Dithmenos.
  2420 | D:3      | Found a bloodstained altar of Trog.
  2423 | D:3      | Found a blossoming altar of Fedhas.
  2438 | D:3      | Became a worshipper of Trog the Wrathful
  2505 | D:3      | Found a white marble altar of Elyvilon.
  2742 | D:4      | Found a sand-covered staircase.
  2757 | Ossuary  | Entered an ossuary
  2887 | Ossuary  | Reached skill level 4 in Fighting
  2887 | Ossuary  | Reached skill level 5 in Short Blades
  3041 | D:4      | Found a radiant altar of Vehumet.
  3121 | D:4      | Found a staircase to the Ecumenical Temple.
  3143 | D:4      | Reached * piety under Trog
  3144 | D:4      | Reached XP level 7. HP: 31/60 MP: 6/6
  3249 | D:4      | Found a glowing drain.
  3258 | Sewer    | Entered a sewer
  3686 | Sewer    | Reached ** piety under Trog
  3755 | Sewer    | Reached skill level 5 in Fighting
  4352 | D:5      | Entered Level 5 of the Dungeon
  4374 | D:5      | Noticed Eustachio
  4388 | D:5      | Killed Eustachio
  4391 | D:5      | Reached XP level 8. HP: 70/70 MP: 7/7
  4397 | D:5      | Reached skill level 6 in Fighting
  4601 | D:4      | Reached skill level 5 in Evocations
  5112 | D:5      | Found an opulent altar of Gozag.
  5114 | D:5      | Found Gozag's Platinum Reserve.
  5147 | D:5      | Reached skill level 7 in Fighting
  5297 | D:5      | You fall into a shaft and drop 3 floors!
  5301 | D:8      | Noticed a centaur warrior
  5308 | D:8      | Identified the +7 hand axe of Qazlal's Whim {heavy, Str+4}
  5329 | D:8      | Noticed Erica
  5336 | D:8      | Reached skill level 1 in Long Blades
  5336 | D:8      | Reached skill level 5 in Dodging
  5341 | D:8      | Collided with a rock wall

Illustrated notes

Levels and vault maps discovered:
D:1:      heliophobic_arrival_glass_houses, layout_rooms, serial_shops,
          nicolae_shop_advertising_works [nicolae_subvault_shop_adworks],
          minmay_tetromino_i4
D:2:      layout_loops_corners
D:3:      layout_basic, mainiacjoe_overflow_alcove_1,
          chequers_temple_overflow_minitemple
D:4:      layout_gridville, lemuel_tele_altar, minmay_temple_entry_mist,
          serial_demonic, serial_demonic_g, serial_demonic_f, serial_demonic_e,
          serial_demonic_b, portal_sewer_entry_a, nicolae_ossuary_entry_monument
D:5:      layout_loops_ring, nicolae_ru_path_of_blood,
          nicolae_gozag_zags_fifth_avenue, gammafunk_ghost_grave, uniq_eustachio
D:8:      layout_rooms, lair_entry_dummy, minmay_chambers_of_fives,
          uniq_gastronok, uniq_erica

Skill      XL: |  1  2  3  4  5  6  7  8 |
---------------+-------------------------+-----
Stealth        | 1 2 3 4 |  4.0
Short Blades   | 1 2 3 4 5 |  5.0
Fighting       | 2 3 4 5 7 |  7.4
Evocations     | 3 4 5 |  5.8
Dodging        | 2 5 |  5.0
Long Blades    | 1 |  1.0
Armour         | |  2.4

Action                     |  1- 3 |  4- 6 |  7- 9 || total
---------------------------+-------+-------+-------++-------
  Melee: Short sword       |    67 |   158 |   254 ||   479
         Club              |     5 |       |       ||     5
         Headbutt          |    17 |    25 |    39 ||    81
         Punch             |     1 |     3 |     3 ||     7
 Invoke: Berserk           |       |       |     2 ||     2
         Trog's Hand       |       |       |     2 ||     2
  Evoke: Wand              |     1 |    10 |     9 ||    20
    Use: Scroll            |     2 |     7 |     1 ||    10
         Potion            |       |       |     1 ||     1
   Stab: Sleeping          |     2 |     3 |     1 ||     6
 Armour: Leather armour    |    32 |       |       ||    32
         Ring mail         |     4 |    33 |    97 ||   134
  Dodge: Dodged            |    48 |    59 |   158 ||   265

Table legend: (Time is in decaauts)
 A = Elapsed time spent in this place.
 B = Non-inter-level travel time spent in this place.
 C = Inter-level travel time spent in this place.
 D = Time resting spent in this place.
 E = Time spent auto-exploring this place.
 F = Levels seen in this place.
 G = Mean time per level.
                   A        B        C        D        E       F      G
               +--------+--------+--------+--------+--------+-----+--------+
         Total |   5327 |   5096 |    231 |    487 |   3221 |   8 |  665.9 |
       Dungeon |   4435 |   4204 |    231 |    487 |   2772 |   6 |  739.2 |
         Sewer |    661 |    661 |      0 |      0 |    449 |   1 |  661.0 |
       Ossuary |    230 |    230 |      0 |      0 |      0 |   1 |  230.0 |
               +--------+--------+--------+--------+--------+-----+--------+

Top non-repeatable levels by time:
     D:4: 1041 daAuts
     D:2: 1008 daAuts
     D:3: 962 daAuts
     D:1: 691 daAuts
     D:5: 690 daAuts
   Sewer: 661 daAuts
 Ossuary: 230 daAuts
     D:8: 41 daAuts
